Map: Thunderbird LE

Players

Bistork

  • Race: Protoss Protoss
  • Spawn Location: 11:00

Hellraiser - Winner!

  • Race: Protoss Protoss
  • Spawn Location: 5:00

Event: 2019 WCS Summer

VOD

Have the link to the VOD?

Description

Time

  • Played on: July 12, 2019, 1:29 p.m.
  • Length: 5:04

All games in this series

Show
View Real Time Build Order
Export as new Build Order

Bistork Protoss 

Build Orders: Oracle Opening 

Get SALT Encoding   

  12  0:00  Probe  
  13  0:13  Probe  
  14  0:18  Pylon  
  14  0:23  Probe  
  15  0:32  Probe  
  15  0:37  Gateway  
  15  0:40  Probe  
  16  0:45  Assimilator  
  17  0:52  Probe  
  17  0:53  Assimilator  
  18  1:00  Probe  
  18  1:08  Probe, Gateway  
  20  1:18  Probe  
  20  1:24  Cybernetics Core  
  21  1:30  Probe  
  22  1:42  Probe, Pylon  
  23  2:00  Probe  
  24  2:01  Stargate  
  24  2:03  Adept x2  
  28  2:11  Warp Gate  
  28  2:13  Pylon  
  28  2:35  Oracle  
  27  2:47  Shield Battery  
  27  2:50  Stalker  
  32  3:07  Oracle  
  32  3:15  Shield Battery  
  32  3:19  Pylon  
  23  4:03  Stalker  
  23  4:09  Stalker  
  24  4:10  Probe  
  21  4:20  Probe  
  20  4:28  Probe  
  18  4:37  Probe  
  20  4:47  Stalker x2  
  20  4:49  Probe  
Show
View Real Time Build Order
Export as new Build Order

Hellraiser Protoss - Winner!

Build Orders: Oracle Opening, Phoenix Opening 

Get SALT Encoding   

  12  0:00  Probe  
  13  0:12  Probe  
  14  0:17  Pylon  
  14  0:21  Probe  
  15  0:31  Probe  
  16  0:36  Gateway  
  16  0:41  Probe  
  16  0:45  Assimilator  
  17  0:50  Assimilator  
  17  0:53  Probe  
  18  1:01  Probe  
  18  1:09  Probe, Gateway  
  20  1:20  Probe  
  20  1:25  Cybernetics Core  
  21  1:32  Probe  
  22  1:38  Pylon  
  22  1:44  Probe  
  23  2:01  Stargate  
  24  2:02  Adept x2  
  24  2:06  Probe  
  28  2:09  Warp Gate  
  28  2:14  Pylon  
  28  2:18  Probe  
  29  2:28  Pylon  
  29  2:32  Stalker  
  31  2:37  Oracle  
  33  2:49  Shield Battery  
  33  3:02  Probe  
  33  3:05  Robotics Facility  
  34  3:19  Probe  
  35  3:42  Pylon  
  35  3:44  Phoenix  
  35  3:45  Gateway  
  36  3:53  Probe  
  37  3:59  Stalker  
  37  4:00  Stalker  
  41  4:05  Probe  
  41  4:13  Observer  
  42  4:18  Probe  
  39  4:25  Warp Prism  
  39  4:26  Stalker x2  
  39  4:30  Probe  
  46  4:38  Pylon  
  46  4:39  Pylon  
  46  5:00  Stalker x3  
Tags
 
Add a new tag
Caveats
  • Supply blocks, unpowered buildings, or Contaminate may cause inaccurate times.
  • Supply counts are checked every 10 seconds.